 Dungeon Crawl Stone Soup version 0.30-a0-928-g7f6bbad527 (webtiles) character file.

Game seed: 16367231533454705842

9 Morbidden the Sneak (level 2, -1/22 HPs)
             Began as a Demonspawn Brigand on Mar 23, 2023.
             Slain by an endoplasm (2 damage)
             ... on level 1 of the Dungeon.
             The game lasted 00:00:20 (132 turns).

Morbidden the Sneak (Demonspawn Brigand)             Turns: 132, Time: 00:00:20

Health: -1/22      AC:  3    Str: 11    XL:     2   Next: 6%
Magic:  2/2        EV: 12    Int: 12    God:
Gold:   10         SH:  0    Dex: 14    Spells: 1/1 levels left

rFire   . . .      SeeInvis .    a - +2 dagger
rCold   . . .      Faith    .    (no shield)
rNeg    . . .      Spirit   .    b - +0 robe
rPois   .          Reflect  .    (no helmet)
rElec   .          Rampage  .    c - +0 cloak
rCorr   .                        (no gloves)
Will    .....                    (no boots)
Stlth   ++                       (no amulet)
HPRegen 0.23/turn                (no ring)
MPRegen 0.08/turn                (no ring)

@: no status effects
A: sturdy frame 1
a: no special abilities


You were on level 1 of the Dungeon.
You visited 1 branch of the dungeon, and saw 1 of its levels.

You collected 10 gold pieces.

Inventory:

Hand Weapons
 a - a +2 dagger (weapon)
Missiles
 d - 9 poisoned darts (quivered)
 e - 3 curare-tipped darts
 h - 3 boomerangs
Armour
 b - a +0 robe (worn)
 c - a +0 cloak (worn)
Scrolls
 f - a scroll of identify {unknown}
Potions
 g - a potion of haste {unknown}


   Skills:
 * Level 2.1 Fighting
 * Level 1.8 Short Blades
 * Level 0.1(1.1) Long Blades
 + Level 1.7 Throwing
 * Level 0.1 Armour
 * Level 1.1 Dodging
 + Level 3.8 Stealth
 * Level 0.1 Spellcasting


You had one spell level left.
You didn't know any spells.
Your spell library was empty.

Dungeon Overview and Level Annotations

Branches:
Dungeon (1/15)

Altars:


Innate Abilities, Weirdness & Mutations

Your movements are slightly less encumbered by armour. (ER -2)


Message History

You hit the giant cockroach.
You kill the giant cockroach!
The endoplasm closely misses you.
The giant cockroach completely misses you.
You barely miss the giant cockroach.
The endoplasm hits you but does no damage.
The giant cockroach bites you.
You closely miss the giant cockroach. The giant cockroach bites you.
The endoplasm freezes you.
You are frozen.
You closely miss the giant cockroach.
The endoplasm quivers.
The giant cockroach bites you but does no damage.
The endoplasm freezes you.
You are frozen.
The endoplasm hits you.
You hit the giant cockroach but do no damage.
The giant cockroach bites you but does no damage.
The endoplasm closely misses you.
The endoplasm hits you but does no damage.
You hit the giant cockroach but do no damage.
The giant cockroach bites you. The endoplasm freezes you.
You are frozen.
The endoplasm freezes you.
You are frozen.
* * * LOW HITPOINT WARNING * * *
The giant cockroach closely misses you.
Unknown command.
The giant cockroach attacks as you move away!
The giant cockroach misses you. The endoplasm attacks as you move away!
The endoplasm barely misses you. The endoplasm attacks as you move away!
The endoplasm barely misses you. The endoplasm attacks as you move away!
The endoplasm hits you.
* * * LOW HITPOINT WARNING * * *
The endoplasm attacks as you move away! The endoplasm completely misses you.
The endoplasm attacks as you move away! The endoplasm hits you.
* * * LOW HITPOINT WARNING * * *
Really walk into that dispersal trap?
The endoplasm attacks as you move away! The endoplasm hits you.
You die...

.............##...##. #.~#
..................#.. # #+##
.......#.....##...#.# #. #...
......†...........#.# .####†
.#....##J......>..#.## ..##.
......##.............####.###
##........B.#..........(#.###
###......JJ#................
##.......@................
####...^####..###........
#....# ##.# ####.....
#............# ###...
############## #... #... ####


You could see 3 endoplasms and a giant cockroach.

Vanquished Creatures
  A dart slug (D:1)
  An endoplasm (D:1)
  3 giant cockroaches (D:1)
  A ball python (D:1)
  A bat (D:1)
7 creatures vanquished.

Notes
Turn   | Place    | Note
-------+----------+-------------------------------------------
     0 | D:1      | Morbidden the Demonspawn Brigand began the quest for the
                  | Orb.
     0 | D:1      | Reached XP level 1. HP: 16/16 MP: 1/1
    46 | D:1      | Reached skill level 1 in Dodging
   116 | D:1      | Gained mutation: Your movements are slightly less
                  | encumbered by armour. (ER -2) [demonic ancestry]
   116 | D:1      | Reached XP level 2. HP: 22/22 MP: 2/2
   129 | D:1      | HP: 1/22 [endoplasm (2)]
   132 | D:1      | Slain by an endoplasm

Illustrated notes

Levels and vault maps discovered:
D:1:      tarquinn_simple_flora_water_d, layout_rooms, serial_shops,
          nicolae_shop_competitors_out_of_business, shop

Skill      XL: |  1 |
---------------+----+-----
Dodging        | 1 |  1.1
Fighting       | |  2.1
Short Blades   | |  1.8
Long Blades    | |  0.1
Throwing       | |  1.7
Armour         | |  0.1
Stealth        | |  3.8
Spellcasting   | |  0.1

Action                     || total
---------------------------++-------
  Melee: Dagger            ||    29
         Punch             ||     1
   Stab: Sleeping          ||     2
 Armour: Robe              ||    13
  Dodge: Dodged            ||    24

Table legend: (Time is in decaauts)
 A = Elapsed time spent in this place.
 B = Non-inter-level travel time spent in this place.
 C = Inter-level travel time spent in this place.
 D = Time resting spent in this place.
 E = Time spent auto-exploring this place.
 F = Levels seen in this place.
 G = Mean time per level.
                   A        B        C        D        E       F      G
               +--------+--------+--------+--------+--------+-----+--------+
         Total |    129 |    129 |      0 |      0 |     60 |   1 |  129.0 |
       Dungeon |    129 |    129 |      0 |      0 |     60 |   1 |  129.0 |
               +--------+--------+--------+--------+--------+-----+--------+

Top non-repeatable levels by time:
     D:1: 129 daAuts
